 Dungeon Crawl Stone Soup version 0.27.1-35-g4d5d836560 (console) character file.

Game seed: 3864192606250186477

4844 grimtooth the Covert (level 10, -3/83 HPs)
             Began as a Ghoul Necromancer on July 18, 2022.
             Was a Believer of Dithmenos.
             Slain by a six-headed hydra (4 damage)
             ... on level 1 of the Lair of Beasts on July 19, 2022.
             The game lasted 01:01:25 (14105 turns).

grimtooth the Covert (Ghoul Necromancer)           Turns: 14105, Time: 01:01:27

Health: -3/83      AC:  9    Str: 19    XL:     10   Next: 49%
Magic:  7/24       EV: 11    Int: 13    God:    Dithmenos [**....]
Gold:   388        SH:  5    Dex:  9    Spells: 13/17 levels left

rFire    . . .     SeeInvis .     - Unarmed
rCold    + . .     Faith    .   (no shield)
rNeg     + + +     Spirit   .   E - +0 acid dragon scales
rPois    ∞         Reflect  +   j - +0 helmet
rElec    .         Harm     .   k - +0 cloak
rCorr    +         Rampage  .   (no gloves)
Will     .....                  J - +0 pair of boots
Stlth    +++++.....             p - amulet of reflection
HPRegen  0.00/turn              B - +6 ring of strength
MPRegen  0.19/turn              F - ring of magical power

@: very slightly contaminated, inhibited regen, wreathed by umbra
A: claws 1, cold resistance 1, negative energy resistance 3, inhibited
regeneration, torment resistance 2
a: Renounce Religion, Shadow Step


You were on level 1 of the Lair of Beasts.
You worshipped Dithmenos.
Dithmenos was pleased with you.
You visited 2 branches of the dungeon, and saw 10 of its levels.

You collected 453 gold pieces.
You spent 65 gold pieces at shops.

Inventory:

Hand Weapons
 b - a +2 dagger of electrocution
Missiles
 c - 60 stones (quivered)
 g - 21 arrows
 v - a throwing net {=f}
Armour
 j - a +0 helmet (worn)
 k - a +0 cloak (worn)
 E - +0 acid dragon scales (worn)
 J - a +0 pair of boots (worn)
Jewellery
 p - an amulet of reflection (around neck)
 B - a +6 ring of strength (left claw)
 F - a ring of magical power (right claw)
Wands
 h - a wand of flame (16)
 m - a wand of mindburst (22)
 o - a wand of iceblast (9)
 w - a wand of charming (9)
 H - a wand of polymorph (4)
Scrolls
 f - 3 scrolls of fog {unknown}
 i - 5 scrolls of teleportation
 n - 2 scrolls of immolation {unknown}
 u - a scroll of summoning {unknown}
 x - a scroll of blinking {unknown}
 z - a scroll of magic mapping {unknown}
 A - a scroll of vulnerability {unknown}
 G - a scroll of acquirement {unknown}
 I - a scroll of fear {unknown}
Potions
 a - a potion of invisibility {unknown}
 d - a potion of magic {unknown}
 e - a potion of ambrosia
 l - a potion of curing
 s - 2 potions of haste
 C - a potion of resistance


   Skills:
 - Level 6.0 Fighting
 - Level 1.7 Dodging
 + Level 11.5 Stealth
 - Level 6.0 Unarmed Combat
 - Level 4.0 Spellcasting
 * Level 8.5 Necromancy


You had 13 spell levels left.
You knew the following spells:

 Your Spells              Type           Power      Damage    Failure   Level
a - Pain                  Necr           96%        1d8       1%          1
b - Vampiric Draining     Necr           12%        2d7       2%          3

Your spell library contained the following spells:

 Spells                   Type           Power      Damage    Failure   Level
 Animate Skeleton         Necr           48%        N/A       1%          1
 Animate Dead             Necr           12%        N/A       9%          4
 Agony                    Necr           24%        N/A       22%         5
 Apportation              Tloc           4%         N/A       26%         1
 Corona                   Hex            2%         N/A       26%         1
 Summon Small Mammal      Summ           8%         N/A       26%         1
 Ensorcelled Hibernation  Hex/Ice        4%         N/A       38%         2
 Slow                     Hex            2%         N/A       38%         2
 Call Canine Familiar     Summ           2%         N/A       63%         3
 Confusing Touch          Hex            2%         N/A       63%         3
 Dazzling Flash           Conj/Hex       4%         N/A       63%         3
 Summon Guardian Golem    Hex/Summ       2%         N/A       63%         3
 Tukima's Dance           Hex            2%         N/A       63%         3
 Hailstorm                Conj/Ice       2%         3d3       95%         4
 Silence                  Hex/Air        1%         N/A       100%        5
 Yara's Violent Unravell  Hex/Tmut       1%         3d3       100%        5
 Simulacrum               Ice/Necr       6%         N/A       100%        6
 Orb of Destruction       Conj           1%         N/A       100%        7
 Spellforged Servitor     Conj/Summ      1%         N/A       100%        7
 Ice Form                 Ice/Tmut       Unusable   N/A       N/A         4

Dungeon Overview and Level Annotations

Branches:
Dungeon (9/15)             Temple (0/1) D:4            Lair (1/6) D:9
    Orc (0/2) D:9

Altars:
Cheibriados
Dithmenos
Fedhas
Okawaru
Ru
Sif Muna
Trog
Uskayaw
Wu Jian
Beogh

Shops:
D:1 [   D:2 ?   D:4 *

Annotations:
D:4 Blork the orc
D:6 dig
D:9 exclusion: yak


Innate Abilities, Weirdness & Mutations

You thrive by killing the living.
You are immune to poison.
You have sharp fingernails.
Your flesh is cold resistant. (rC+)
You are immune to negative energy. (rN+++)
You do not regenerate when monsters are visible.
You are immune to unholy pain and torment.


Message History

Aiming: Vampiric Draining (mildly dangerous; 2% risk of failure)
Press: ? - help, Shift-Dir - straight line, f/p - six-headed hydra
Aim: a six-headed hydra (severely wounded, umbra)
You draw life force from the six-headed hydra!
You feel life coursing into your body.
You block the six-headed hydra's attack.
The six-headed hydra bites you!
* * * LOW HITPOINT WARNING * * *
The six-headed hydra misses you. x2; The six-headed hydra barely misses you.
The six-headed hydra closely misses you.
Casting: Vampiric Draining (mildly dangerous; 2% risk of failure)
Confirm with . or Enter, or press ? or * to list all spells.
Aiming: Vampiric Draining (mildly dangerous; 2% risk of failure)
Press: ? - help, Shift-Dir - straight line, f/p - six-headed hydra
Aim: a six-headed hydra (severely wounded, umbra)
You draw life force from the six-headed hydra!
You feel life coursing into your body.
The six-headed hydra completely misses you. x2
The six-headed hydra bites you!
* * * LOW HITPOINT WARNING * * *
The six-headed hydra bites you.
* * * LOW HITPOINT WARNING * * *
The six-headed hydra closely misses you.
The six-headed hydra bites you.
* * * LOW HITPOINT WARNING * * *
Press: ? - help, v - describe, . - travel
Here: a six-headed hydra (almost dead, umbra)
The floor.
Casting: Vampiric Draining (mildly dangerous; 2% risk of failure)
Confirm with . or Enter, or press ? or * to list all spells.
Aiming: Vampiric Draining (mildly dangerous; 2% risk of failure)
Press: ? - help, Shift-Dir - straight line, f/p - six-headed hydra
Aim: a six-headed hydra (almost dead, umbra)
You draw life force from the six-headed hydra.
You feel life coursing into your body.
The six-headed hydra closely misses you.
The six-headed hydra bites you!
* * * LOW HITPOINT WARNING * * *
The six-headed hydra bites you.
You die...

.#####...#####..## ...#
..## ##....##..## ..#
..P# ##.......# ..
...### ##.....## ..#
...# .....####....##
..###...#
......#.##...##
...#....#
.^.....#......#
#.......#
..............##
#........
.........###...##
##...... .......###
##...### ###....#
##.....#
#...@.###......# ###...#
#P...D#......### #P...##
###...†......#
###...#######...##....##
##......##.#....##.#..P#
#.............######...#
#...#.........## .#....
.....###........#
###..... .....
####....## #...... .....
.....# #..#### ##..
......#


You could see a six-headed hydra.

Vanquished Creatures
  A cyclops (D:9)
  A cane toad (Lair:1)
  3 yaks (Lair:1)
  Grum (D:7)
  2 steam dragons
  2 wargs (D:9)
  Duvessa (D:7)
  An acid dragon (D:8)
  A water moccasin (D:6)
  2 orc warriors
  2 ice beasts (D:8)
  A black bear (D:4)
  2 ogres
  4 wolves
  3 centaurs
  6 bullfrogs
  A scorpion (D:6)
  Dowan (D:7)
  A wyvern zombie (D:9)
  A wyvern skeleton (D:7)
  A water moccasin skeleton (D:4)
  A bullfrog zombie (D:5)
  4 centaur zombies
  A jelly (D:7)
  3 hounds
  4 orc priests
  Crazy Yiuf (D:7)
  2 gnoll shamans
  A bullfrog skeleton (D:6)
  3 iguanas
  4 orc wizards
  A hound skeleton (D:4)
  10 gnolls
  A howler monkey skeleton (D:7)
  9 adders
  A white imp (D:5)
  An ufetubus (D:5)
  A worm (D:8)
  A dart slug (D:3)
  27 orcs
  2 ball pythons
  5 endoplasms
  3 giant cockroaches
  9 goblins
  4 hobgoblins
  12 jackals
  5 kobolds
  A quokka (D:3)
  3 bats
  4 rats
162 creatures vanquished.

Notes
Turn   | Place    | Note
-------+----------+-------------------------------------------
     0 | D:1      | grimtooth the Ghoul Necromancer began the quest for the
                  | Orb.
     0 | D:1      | Reached XP level 1. HP: 14/14 MP: 2/2
   241 | D:1      | Reached XP level 2. HP: 20/20 MP: 0/3
   944 | D:1      | Found Sownel's Armour Shop.
  1511 | D:1      | Reached XP level 3. HP: 26/26 MP: 1/4
  1674 | D:2      | Reached skill level 3 in Stealth
  1678 | D:2      | Learned a level 3 spell: Vampiric Draining
  1692 | D:2      | Found a hide-covered altar of Uskayaw.
  1731 | D:2      | - uskayaw you are tempting...
  2020 | D:2      | Found a faded altar of an unknown god.
  2270 | D:2      | Found Zeymirghisug's Magic Scroll Boutique.
  2280 | D:2      | Reached skill level 5 in Necromancy
  2286 | D:2      | Bought a scroll of identify for 26 gold pieces
  2286 | D:2      | Bought a scroll of teleportation for 39 gold pieces
  2573 | D:3      | Found a shadowy altar of Dithmenos.
  2578 | D:3      | Became a worshipper of Dithmenos the Shadowed
  2632 | D:3      | Reached XP level 4. HP: 33/33 MP: 0/5
  3363 | D:4      | Noticed Blork the orc
  4081 | D:4      | Reached skill level 4 in Stealth
  4081 | D:4      | Reached XP level 5. HP: 22/38 MP: 6/6
  4331 | D:4      | Found a staircase to the Ecumenical Temple.
  4569 | D:4      | Found Denkenlesm's General Store.
  4598 | D:4      | Identified the +1 robe of Theory {rElec}
  4638 | D:4      | Reached XP level 6. HP: 24/45 MP: 4/8
  5136 | D:4      | Noticed a black bear
  5144 | D:4      | Killed a black bear
  5385 | D:5      | Entered Level 5 of the Dungeon
  5443 | D:5      | Reached skill level 5 in Stealth
  5549 | D:5      | Reached skill level 1 in Unarmed Combat
  5686 | D:5      | Found a hide-covered altar of Uskayaw.
  5689 | D:5      | Found an ornate altar of the Wu Jian Council.
  5692 | D:5      | Found a bloodstained altar of Trog.
  5694 | D:5      | Reached * piety under Dithmenos
  5760 | D:5      | Reached XP level 7. HP: 47/50 MP: 0/10
  7191 | D:6      | Found a shimmering blue altar of Sif Muna.
  7269 | D:6      | Reached skill level 6 in Stealth
  7287 | D:6      | Found a sacrificial altar of Ru.
  7608 | D:6      | Reached skill level 5 in Unarmed Combat
  7608 | D:6      | Reached XP level 8. HP: 57/57 MP: 9/11
  7753 | D:6      | You fall into a shaft and drop 2 floors!
  7753 | D:8      | Noticed a shadow
  7932 | D:8      | Reached skill level 7 in Stealth
  8008 | D:8      | Reached skill level 1 in Fighting
  8479 | D:7      | Found a blossoming altar of Fedhas.
  9113 | D:7      | Found a runed translucent door.
  9114 | D:7      | Noticed Crazy Yiuf
  9209 | D:7      | Reached ** piety under Dithmenos
  9224 | D:7      | Noticed Duvessa
  9224 | D:7      | Noticed Dowan
  9374 | D:7      | Killed Duvessa
  9376 | D:7      | Killed Dowan
  9445 | D:7      | Reached XP level 9. HP: 70/73 MP: 12/12
  9461 | D:7      | Reached skill level 8 in Stealth
  9531 | D:7      | Reached skill level 5 in Fighting
 10284 | D:7      | Killed Crazy Yiuf
 10433 | D:8      | Noticed Grum
 10494 | D:7      | - well thats unfortunate
 10904 | D:7      | Reached skill level 9 in Stealth
 11113 | D:7      | Killed Grum
 11114 | D:7      | Reached skill level 10 in Stealth
 11370 | D:8      | HP: 2/75 [something (30)]
 11973 | D:8      | Found a snail-covered altar of Cheibriados.
 12406 | D:9      | Found a staircase to the Orcish Mines.
 12521 | D:9      | Noticed a cyclops
 12529 | D:9      | Killed a cyclops
 12530 | D:9      | Reached XP level 10. HP: 59/83 MP: 13/14
 12617 | D:9      | Found an iron altar of Okawaru.
 12859 | D:9      | Found a staircase to the Lair.
 13003 | D:9      | Reached skill level 11 in Stealth
 13391 | Lair:1   | Entered Level 1 of the Lair of Beasts
 13465 | Lair:1   | Noticed a cane toad
 13479 | Lair:1   | Killed a cane toad
 13642 | Lair:1   | Noticed a cane toad
 14086 | Lair:1   | Noticed a six-headed hydra
 14105 | Lair:1   | HP: 1/83 [six-headed hydra (8)]
 14105 | Lair:1   | Slain by a six-headed hydra

Illustrated notes #... .#.#####.## #... #.#........# #... ...........# #...## #..........# ...# ...........# #.###..........# #.....#........# #.....#.#####.### #.....#.# #....# #.._....## #....# #@.......# #....# #.....##.###....# #.######..###'### #.............# #########.###.# #.###.# ###..##.### #..$.[..... #.......... #..(....... #.......... Turn 1731 on D:2: - uskayaw you are tempting...

##.# ##............# ##.
##..###..###........## #.
#....#..## ##........## #.
###....## ##........## #.
##..## #..#......####. ##...##
##.##.......##.. #..#..##
#..###....#...)#
##......####.............)#
##..........................
###..........g......####(.#.#.
#..#.........@...........###..
######............##.....# #..
##......####...#####..## #..
#.####.## ##.#####...####..
### ##.# #....#.....#.##. ###
##..# #............###
#.###...## ##.#......#...#
##.......# #..##......#..#
#######.# #.####.......##
#.####.## #...#..##
#.......####....##


Turn 10494 on D:7: - well thats unfortunate

Levels and vault maps discovered:
D:1:      lightli_molten_gateway, layout_basic, serial_shops,
          nicolae_square_shop, minmay_misc_feat_square
D:2:      layout_basic, serial_shops, nicolae_shop_crystal,
          hellmonk_ecumenical_altar_defaced_shrine, basic_altar
D:3:      layout_basic, grunt_dithmenos_smoke_and_mirrors,
          kennysheep_generic_room_11
D:4:      layout_loops_corners, minmay_temple_entry_tees, serial_shops, shop,
          minmay_between, uniq_blork_the_orc
D:5:      corexii_shack_village, layout_basic, grunt_temple_overflow_diamond
D:6:      layout_basic, nicolae_sif_muna_little_library,
          mainiacjoe_overflow_boulevard
D:7:      layout_layer_cave, fedhas_altar_3, uniq_crazy_yiuf_cottage,
          uniq_duvessa
D:8:      minmay_chambers_of_fours, layout_loops_ring, cheibrodos_worm_habitat,
          uniq_grum
D:9:      layout_long_grid, mainiacjoe_overflow_brackets, lair_entry_dummy,
          erik_orc_4, serial_rivers, chequers_serial_rivers_large_b,
          chequers_serial_rivers_room_a, chequers_serial_rivers_small_a,
          chequers_serial_rivers_micro_a
Lair:1:   layout_layer_cave

Skill      XL: |  1  2  3  4  5  6  7  8  9 10 |
---------------+-------------------------------+-----
Stealth        | 3 4 5 6 7 10 11 | 11.5
Necromancy     | 5 6 8 |  8.5
Spellcasting   | 2 3 4 |  4.0
Unarmed Combat | 2 5 6 |  6.0
Fighting       | 4 6 |  6.0
Dodging        | |  1.7

Action                   |  1- 3 |  4- 6 |  7- 9 | 10-12 || total
-------------------------+-------+-------+-------+-------++-------
Melee: Unarmed           |    63 |    76 |   140 |   111 ||   390
       Short sword       |       |    32 |    88 |       ||   120
       Dagger            |       |       |    66 |       ||    66
       Punch             |       |       |     5 |     5 ||    10
Throw: Stone             |    33 |    24 |    55 |    22 ||   134
 Cast: Pain              |    61 |    66 |    52 |     2 ||   181
       Vampiric Draining |       |     3 |    44 |    19 ||    66
Evoke: Wand              |       |     3 |    14 |     5 ||    22
  Use: Scroll            |     4 |     2 |     4 |     1 ||    11
       Potion            |       |     1 |     3 |       ||     4
 Stab: Sleeping          |       |     2 |    17 |     1 ||    20
Armor: Robe              |     2 |    17 |    56 |       ||    75
       Leather armour    |    22 |    18 |       |       ||    40
       Acid dragon scale |       |       |    15 |    37 ||    52
Dodge: Dodged            |    49 |    68 |   193 |    62 ||   372
Block: Other             |       |    34 |    70 |    27 ||   131
       Reflection        |       |       |     1 |     1 ||     2
